 Dungeon Crawl Stone Soup version 0.28.0-53-g5a82cb258f (webtiles) character file.

Game seed: 11160331225645316513

326 Zeld the Chopper (level 6, -3/57 HPs)
             Began as a Minotaur Berserker on May 22, 2022.
             Was a Priest of Trog.
             Killed by divine providence
             ... invoked by an orc priest
              (15 damage)
             ... on level 3 of the Dungeon.
             The game lasted 00:02:53 (4211 turns).

Zeld the Chopper (Minotaur Berserker)               Turns: 4211, Time: 00:02:55

Health: -3/57      AC:  4    Str: 24    XL:     6   Next: 24%
Magic:  5/5        EV: 12    Int:  4    God:    Trog [***...]
Gold:   109        SH:  0    Dex:  9    Spells: 5/5 levels left

rFire   . . .      SeeInvis .   a - +0 hand axe
rCold   . . .      Faith    .   (no shield)
rNeg    . . .      Spirit   .   b - +0 animal skin
rPois   .          Reflect  .   (helmet restricted)
rElec   .          Harm     .   (no cloak)
rCorr   .          Rampage  .   m - +0 pair of gloves
Will    .....                   k - +0 pair of boots
Stlth   +.........              (no amulet)
HPRegen 0.19/turn               (no ring)
MPRegen 0.09/turn               (no ring)

@: on berserk cooldown, slowed, very slow
A: horns 2, retaliatory headbutt
a: Renounce Religion, Berserk, Trog's Hand


You were on level 3 of the Dungeon.
You worshipped Trog.
Trog was most pleased with you.
You visited 1 branch of the dungeon, and saw 4 of its levels.
You also visited: Sewer.

You collected 109 gold pieces.

Inventory:

Hand Weapons
 a - a +0 hand axe (weapon)
Armour
 b - a +0 animal skin (worn)
 k - a +0 pair of boots (worn)
 m - a +0 pair of gloves (worn)
Scrolls
 d - 3 scrolls of enchant weapon {unknown}
 e - a scroll of vulnerability {unknown}
 f - a scroll of enchant armour {unknown}
 g - a scroll of identify {unknown}
 h - a scroll of magic mapping {unknown}
 j - a scroll of teleportation {unknown}
 n - a scroll of noise {unknown}
 o - a scroll of blinking
Potions
 c - a potion of lignification {unknown}
 i - a potion of degeneration {unknown}
 l - 2 potions of heal wounds {unknown}
 p - 2 potions of curing {unknown}


   Skills:
 * Level 5.6 Fighting
 * Level 5.7 Axes
 + Level 3.9 Armour
 + Level 3.5 Dodging


You had 5 spell levels left.
You didn't know any spells.
Your spell library was empty.

Dungeon Overview and Level Annotations

Branches:
Dungeon (4/15)              Sewer (visited)
 Temple: D:4-7

Altars:
Gozag
Nemelex Xobeh


Innate Abilities, Weirdness & Mutations

You have a pair of horns on your head.
You reflexively headbutt those who attack you in melee.


Message History

You closely miss something. Your headbutt misses something.
The orc priest casts a cantrip, but nothing happens.
You hear some strange, mumbled words.
A magic dart appears from out of thin air!
The magic dart hits you!
You barely miss something.
You hear some strange, mumbled words.
A magic dart appears from out of thin air!
The magic dart hits you!
You closely miss something. You headbutt something! Something hits you.
Unknown command.
A red film seems to cover your vision as you go berserk!
You feel yourself moving faster!
You feel mighty! Something hits you.
You barely miss something. Your headbutt misses something. You miss something.
Something hits you.
Unknown command.
You closely miss something. Your headbutt misses something. Something hits you.
You closely miss something.
You hear some strange, mumbled words.
You are confused.
You closely miss something.
You feel a strong urge to attack something.
A magic dart appears from out of thin air!
The magic dart hits you!
* * * LOW HITPOINT WARNING * * *
You're too confused to move!
You are no longer berserk.
You are exhausted.
You feel yourself slow down.
You bump into the rock wall.
Something hits you.
* * * LOW HITPOINT WARNING * * *
You are too confused!
You miss something. Your headbutt misses something.
Your punch misses something.
You feel less confused. Something hits you.
* * * LOW HITPOINT WARNING * * *
The orc priest calls down the wrath of Beogh upon you.
Beogh smites you!
You die...

##.####.###.# #..##.........##...
##.##.......###..###........##...
##.#....######....#########.##...
........## #.##..........).....
##.......## ##.##.#...####..###.#
###......# #.....#.........##..#
#.####'# #..####...#####.##.##
#.# ##.###..####.#.# #......
#.###...##.o{@...#.# #......
#.##.....##.######.#####.##.##
#.'...♣o)oo.# #.......##.##..#
#####...##### #.......##.###.#
#...#...# #...†...##.###.#
#...#...# #.......##......
#.>.##..# #.......######.#
#...##..# #.......# #.# ######..#
#.......# #.#


You could see 2 orc priests and an orc.

Vanquished Creatures
  2 bullfrogs (Sewer)
  An iguana (D:3)
  3 gnolls (D:2)
  5 adders
  A dart slug (D:4)
  9 orcs
  10 endoplasms
  10 giant cockroaches
  5 goblins
  4 hobgoblins
  3 jackals (D:2)
  10 quokkas
  12 ball pythons
  3 bats
  12 frilled lizards
  5 kobolds
  3 rats
98 creatures vanquished.

Notes
Turn   | Place    | Note
-------+----------+-------------------------------------------
     0 | D:1      | Zeld the Minotaur Berserker began the quest for the Orb.
     0 | D:1      | Reached XP level 1. HP: 19/19 MP: 0/0
   475 | D:1      | Reached XP level 2. HP: 27/27 MP: 1/1
   664 | D:1      | Found a faded altar of an unknown god.
  1127 | D:2      | Reached XP level 3. HP: 33/33 MP: 2/2
  1736 | D:2      | Reached XP level 4. HP: 41/41 MP: 3/3
  1924 | D:2      | Reached ** piety under Trog
  2743 | D:4      | Found a glowing drain.
  2758 | Sewer    | Entered a sewer
  3168 | Sewer    | Reached skill level 5 in Axes
  3168 | Sewer    | Reached XP level 5. HP: 47/47 MP: 4/4
  3266 | Sewer    | Reached skill level 5 in Fighting
  3386 | Sewer    | Reached XP level 6. HP: 27/56 MP: 5/5
  3736 | D:3      | Reached *** piety under Trog
  4128 | D:3      | Found a sparkling altar of Nemelex Xobeh.
  4128 | D:3      | Found an opulent altar of Gozag.
  4211 | D:3      | Killed from afar by an orc priest

Illustrated notes

Levels and vault maps discovered:
D:1:      elethiomel_arrival_shortcut, layout_loops_ring,
          ebering_ecumenical_altar_petrified, minmay_statues_item
D:2:      layout_loops_cross
D:3:      cheibrodos_pilgrimage, layout_loops_cross,
          grunt_temple_overflow_opulence, grunt_ministairs_14
D:4:      layout_loops_cross, lemuel_tele_altar, portal_sewer_entry_d,
          nrook_loot_triangle, st_stairs_14, minmay_misc_feat_doors

Skill      XL: |  1  2  3  4  5 |
---------------+----------------+-----
Axes           | 4 5 |  5.7
Fighting       | 4 5 |  5.6
Armour         | 3 |  3.9
Dodging        | 3 |  3.5

Action                   |  1- 3 |  4- 6 || total
-------------------------+-------+-------++-------
Melee: Hand axe          |    60 |   176 ||   236
       Headbutt          |    12 |    18 ||    30
       Punch             |     1 |       ||     1
Invok: Berserk           |       |     2 ||     2
 Stab: Sleeping          |     1 |     1 ||     2
Armor: Animal skin       |    12 |    41 ||    53
Dodge: Dodged            |    38 |   127 ||   165
